 Dungeon Crawl Stone Soup version 0.24-a0-7-g1bb0902669 (webtiles) character file.

Game seed: 1790744517826519819

289 Infinimo the Digger (level 6, -2/48 HPs)
             Began as a Gargoyle Earth Elementalist on Jan 31, 2019.
             Was an Initiate of Sif Muna.
             Slain by an iguana (8 damage)
             ... on level 4 of the Dungeon.
             The game lasted 00:10:15 (4051 turns).

Infinimo the Digger (Gargoyle Earth Elementalist)   Turns: 4051, Time: 00:10:17

Health: -2/48      AC: 23    Str: 11    XL:     6   Next: 31%
Magic:  3/10       EV:  2    Int: 18    God:    Sif Muna [......]
Gold:   98         SH:  0    Dex: 10    Spells: 7/11 levels left

rFire    . . .     SeeInvis .   x - +6 club
rCold    . . .     Gourm    .   (no shield)
rNeg     + + +     Faith    .   (armour currently unavailable)
rPois    ∞         Spirit   .   (helmet currently unavailable)
rElec    .         Reflect  .   (cloak currently unavailable)
rCorr    .         Harm     .   (gloves currently unavailable)
MR       .....     NoTele   +   (boots currently unavailable)
Stlth    ++........             (no amulet)
HPRegen  0.16/turn              (no ring)
MPRegen  0.12/turn              (no ring)

@: tree-form
A: negative energy resistance 1, petrification resistance, rot immunity, AC +4
a: Renounce Religion


You were on level 4 of the Dungeon.
You worshipped Sif Muna.
Sif Muna was noncommittal.
You were hungry.
You were a tree.
You visited 1 branch of the dungeon, and saw 5 of its levels.

You collected 246 gold pieces.
You spent 148 gold pieces at shops.

Inventory:

Hand Weapons
 x - a +6 club (weapon)
Missiles
 e - 22 stones (quivered)
Armour
 a - a +0 helmet of intelligence (melded)
 c - a +0 robe (melded)
 l - a cursed +0 buckler
 m - a +0 cloak
 p - a +0 pair of gloves (melded)
Scrolls
 f - 2 scrolls of identify
 h - a scroll of remove curse
 o - a scroll of teleportation
 s - a scroll of enchant weapon
Potions
 b - a potion of mutation
 g - a potion of might
 j - a potion of agility {unknown}
 r - a potion of cancellation {unknown}
 w - a potion of brilliance {unknown}
Comestibles
 d - 9 rations


   Skills:
 - Level 1.5 Dodging
 - Level 2.1 Stealth
 + Level 3.2 Spellcasting
 * Level 3.2 Conjurations
   Level 0.7 Transmutations
 * Level 6.3 Earth Magic


You had 7 spell levels left.
You knew the following spells:

 Your Spells              Type           Power        Failure   Level  Hunger
a - Sandblast             Erth           ####..       1%          1    None
b - Stone Arrow           Conj/Erth      ###...       7%          3    ###....

Your spell library contained the following spells:

 Spells                   Type           Power        Failure   Level  Hunger
 Passwall                 Tmut/Erth      ###.....     5%          2    ##.....
 Lee's Rapid Deconstruct  Erth           ####......   32%         5    ######.
 Petrify                  Tmut/Erth      ###.....     36%         4    ####...


Dungeon Overview and Level Annotations

Branches:
Dungeon (5/15)             Temple (0/1) D:4

Altars:
Fedhas
Kikubaaqudgha
Makhleb
Sif Muna
Trog
Yredelemnul
Zin
The Shining One

Shops:
D:4 *

Annotations:
D:4 Blork the orc
D:5 Dowan, Duvessa


Innate Abilities, Weirdness & Mutations

You are resistant to torment.
((Your stone body is resilient. (AC +4)))
You are immune to poison.
You resist negative energy. (rN+)
((You are resistant to electric shocks. (rElec)))
((You can survive without breathing.))
You are immune to petrification.
You are immune to rotting.


Message History

Confirm with . or Enter, or press ? or * to list all spells.
You don't have enough magic to cast that spell.
Casting: Stone Arrow (safe; 5% risk of failure)
Confirm with . or Enter, or press ? or * to list all spells.
You don't have enough magic to cast that spell.
The orc hits you. The iguana bites you! The orc hits you. The iguana bites you!
* * * LOW HITPOINT WARNING * * *
The orc hits you.
* * * LOW HITPOINT WARNING * * *
Okay, then.
Unknown command.
It was a potion of lignification.
You turn into a tree.
Your +0 helmet of intelligence melds into your body.
Your +0 pair of gloves melds into your body.
Your +0 robe melds into your body.
You feel stupid.
Your roots penetrate the ground.
The iguana bites you!
You die...

###.....#..# ##..
##.#####.# ### #.####..#
#[.#...## #####...#####
##...........##
##.............##
#..........)<..<###
#.♣................
########.ol...............
#.........................
#.######..................
#.# ############.......
#l# #...#.## #o# ###.....
#o# ##... #†) ##


You could see an iguana and an orc.

Vanquished Creatures
  2 orc priests
  Jessica (D:3)
  2 worker ants (D:3)
  4 adders
  An ooze (D:2)
  5 worms
  2 dart slugs (D:1)
  4 leopard geckos
  10 orcs
  A ball python (D:3)
  15 bats
  4 giant cockroaches
  6 goblins
  6 hobgoblins
  3 quokkas
  4 frilled lizards
  7 kobolds
  19 rats
96 creatures vanquished.

Notes
Turn   | Place    | Note
-------+----------+-------------------------------------------
     0 | D:1      | Infinimo the Gargoyle Earth Elementalist began the quest
                  | for the Orb.
     0 | D:1      | Reached XP level 1. HP: 10/10 MP: 3/3
   241 | D:1      | Reached skill level 4 in Earth Magic
   249 | D:1      | Reached XP level 2. HP: 15/15 MP: 1/5
   587 | D:1      | Reached XP level 3. HP: 19/19 MP: 4/6
  1108 | D:1      | Learned a level 3 spell: Stone Arrow
  1260 | D:2      | Reached skill level 5 in Earth Magic
  1539 | D:2      | Reached skill level 1 in Conjurations
  1539 | D:2      | Reached XP level 4. HP: 24/24 MP: 5/8
  1553 | D:2      | Found a blossoming altar of Fedhas.
  1603 | D:2      | Found a basalt altar of Yredelemnul.
  2209 | D:3      | Reached XP level 5. HP: 24/28 MP: 3/9
  2706 | D:3      | Noticed Jessica
  2712 | D:3      | Killed Jessica
  2726 | D:3      | Found a glowing golden altar of the Shining One.
  3065 | D:3      | Noticed a moth of wrath
  3069 | D:3      | Found a bloodstained altar of Trog.
  3109 | D:3      | Reached skill level 6 in Earth Magic
  3372 | D:4      | Found Barch's General Store.
  3373 | D:4      | Found a glowing silver altar of Zin.
  3381 | D:4      | Found a burning altar of Makhleb.
  3381 | D:4      | Found a deep blue altar of Sif Muna.
  3384 | D:4      | Bought a +0 helmet of intelligence for 126 gold pieces
  3384 | D:4      | Bought a scroll of identify for 22 gold pieces
  3398 | D:4      | Found an ancient bone altar of Kikubaaqudgha.
  3404 | D:4      | Became a worshipper of Sif Muna the Loreminder
  3444 | D:4      | Found a staircase to the Ecumenical Temple.
  3520 | D:5      | Entered Level 5 of the Dungeon
  3520 | D:5      | Noticed a sky beast
  3546 | D:5      | Noticed Duvessa
  3549 | D:5      | Noticed Dowan
  3588 | D:4      | Noticed Blork the orc
  3730 | D:3      | Reached XP level 6. HP: 27/32 MP: 10/10
  4051 | D:4      | Slain by an iguana

Vault maps used:
D:1:      dpeg_arrival_tiny_e, hangedman_abyss_or_decor_lesser_grid,
          minmay_misc_feat_five, hex_medium, minmay_bisected
D:2:      lemuel_coloured_pillars_altar, first_ration, lemuel_statue_altar
D:3:      tso_altar, tgw_trog, uniq_jessica
D:4:      grunt_temple_overflow_open, minmay_temple_entry_wispy, serial_shops,
          shop_coins, minmay_unequal, uniq_pikel, uniq_crazy_yiuf_cottage,
          uniq_blork_the_orc
D:5:      tgw_xom, uniq_duvessa

Skill      XL: |  1  2  3  4  5 |
---------------+----------------+-----
Earth Magic    | 4 5 6 |  6.3
Conjurations   | 1 2 3 |  3.2
Spellcasting   | 3 |  3.2
Dodging        | |  1.5
Stealth        | |  2.1
Transmutations | |  0.7

Action                   |  1- 3 |  4- 6 || total
-------------------------+-------+-------++-------
Melee: Short sword       |    79 |   109 ||   188
       Club              |       |    61 ||    61
 Cast: Sandblast         |    38 |    15 ||    53
       Stone Arrow       |       |    23 ||    23
  Use: Scroll            |       |    11 ||    11
       Potion            |       |     1 ||     1
 Stab: Sleeping          |     2 |     8 ||    10
  Eat: Chunk             |     3 |     9 ||    12
Armor: Robe              |    45 |    96 ||   141
Dodge: Dodged            |    88 |   148 ||   236

Table legend:
 A = Non-vault XP
 B = Vault XP
 C = Vault XP percentage of total XP
 D = Non-vault monster count
 E = Vault monster count
 F = Vault count percentage of total count
                 A         B        C        D         E       F
            +---------+---------+-------+---------+---------+-------
      Total |     356 |      58 |  14.0 |      86 |      10 |  10.4
            +---------+---------+-------+---------+---------+-------
        D:1 |      48 |       9 |  15.8 |      28 |       4 |  12.5
        D:2 |      56 |       0 |   0.0 |      19 |       0 |   0.0
        D:3 |     164 |      49 |  23.0 |      28 |       6 |  17.6
        D:4 |      88 |       0 |   0.0 |      11 |       0 |   0.0
            +---------+---------+-------+---------+---------+-------
